 Dungeon Crawl Stone Soup version 0.32-a0-314-g526f7d4993 (webtiles) character file.

Game seed: 3544483205529901511

24023 ezpacito the Fighter (level 12, -4/96 HPs)
             Began as a Demonspawn Berserker on Feb 15, 2024.
             Was an Elder of Trog.
             Killed by divine providence
             ... invoked by a meliai
              (8 damage)
             ... on level 13 of the Dungeon.
             The game lasted 00:30:47 (13480 turns).

ezpacito the Fighter (Demonspawn Berserker)        Turns: 13480, Time: 00:30:48

Health: -4/96      AC: 19    Str: 21    XL:     12   Next: 77%
Magic:  0/12       EV: 25    Int: 12    God:    Trog [****..]
Gold:   194        SH:  0    Dex: 14    Spells: 11/11 levels left

rFire   . . .        y - +6 whip "Foakhluyd" {chaos, Stlth+}
rCold   . . .        z - orb {light}
rNeg    . . .        s - +0 acid dragon scales
rPois   .            g - +0 helmet
rElec   +            M - +2 cloak
rCorr   +            V - +0 pair of gloves
SInv    .            U - +0 pair of boots
Will    ++...        w - amulet of magic regeneration
Stlth   ++           l - ring "Mygh" {rElec EV+5 Int+4 Dex-2}
HPRegen 1.36/turn    G - +5 ring of evasion
MPRegen 0.66/turn

%: guardian spirit
@: lethally poisoned (-4 -> -16), about to teleport, strong-willed,
regenerating, glowing
A: thin metallic scales 3, demonic guardian 1, magic shield, magic regeneration,
bedeviling, weakness stinger 1, thin skeletal structure 1, sense surroundings 1
a: Renounce Religion, Berserk, Trog's Hand, Brothers in Arms


You were on level 13 of the Dungeon.
You worshipped Trog.
Trog was greatly pleased with you.
You visited 2 branches of the dungeon, and saw 14 of its levels.
You also visited: Sewer.

You collected 836 gold pieces.
You spent 642 gold pieces at shops.

Inventory:

Hand Weapons
 m - a +1 war axe of freezing
 y - the +6 whip "Foakhluyd" (weapon) {chaos, Stlth+}
   (You found it on level 4 of the Dungeon)

   Stlth+:    It makes you more stealthy.
 K - the +1 dagger "Jalor" {speed, rCorr Dex+5 Stlth+}
   (You found it on level 6 of the Dungeon)

   Dex+5:     It affects your dexterity (+5).
   rCorr:     It protects you from acid and corrosion.
   Stlth+:    It makes you more stealthy.
 N - the +2 lajatang of Fiutt {vamp, rElec rPois rC+}
   (You took it off a vampire on level 10 of the Dungeon)

   rC+:       It protects you from cold.
   rElec:     It insulates you from electricity.
   rPois:     It protects you from poison
 O - the +1 great sword of Precise Incision {vamp, Int+3}
   (You found it on level 10 of the Dungeon)

   Int+3:     It affects your intelligence (+3).
Missiles
 b - 87 stones (quivered)
 e - 3 boomerangs
 h - 18 poisoned darts
 t - 4 curare-tipped darts
Armour
 a - the +1 robe of the Kodama {rF+ Str+2 Slay+2 Archmagi}
   (You found it on level 6 of the Dungeon)

   Str+2:     It affects your strength (+2).
   Slay+2:    It affects your accuracy & damage with ranged weapons and melee
   (+2).
   rF+:       It protects you from fire.
   Archmagi:  It increases the power of your magical spells.
 g - a +0 helmet (worn)
 s - +0 acid dragon scales (worn)
 z - an orb of light (worn)
 A - a +0 troll leather armour
 L - +0 swamp dragon scales
 M - a +2 cloak (worn)
 R - the +0 scale mail of Anaesthesia {Regen+ Int+3}
   (You found it on level 11 of the Dungeon)

   Int+3:     It affects your intelligence (+3).
   Regen+:    It increases your rate of health regeneration.
 U - a +0 pair of boots (worn)
 V - a +0 pair of gloves (worn)
Jewellery
 k - a ring of see invisible
 l - the ring "Mygh" (left hand) {rElec EV+5 Int+4 Dex-2}
   (You took it off a vampire on level 10 of the Dungeon)

   [ring of evasion]

   EV+5:      It affects your evasion (+5).
   Int+4:     It affects your intelligence (+4).
   Dex-2:     It affects your dexterity (-2).
   rElec:     It insulates you from electricity.
 v - a ring of resist corrosion
 w - an amulet of magic regeneration (around neck)
 G - a +5 ring of evasion (right hand)
Wands
 i - a wand of flame (5)
 H - a wand of iceblast (3)
 J - a wand of mindburst (13)
 S - a wand of digging (4)
Scrolls
 d - 4 scrolls of teleportation
 p - 2 scrolls of fog
 q - a scroll of brand weapon
 x - a scroll of revelation
 B - a scroll of torment
 F - a scroll of vulnerability
Potions
 c - 3 potions of attraction
 f - a potion of mutation
 n - 4 potions of curing
 r - a potion of enlightenment
 D - 3 potions of brilliance
 I - 3 potions of might
Miscellaneous
 C - a lightning rod (4/4)


   Skills:
 * Level 9.5 Fighting
 * Level 8.7 Axes
 * Level 8.5 Armour
 * Level 8.2 Dodging
 + Level 5.8 Stealth
 * Level 7.8 Unarmed Combat
 * Level 7.4 Evocations


You had 11 spell levels left.
You didn't know any spells.
Your spell library contained the following spells:

 Spells                   Type           Power      Damage    Failure   Level
 Magic Dart               Conj           0%         1d3       38%         1
 Necrotise                Necr           0%         1d4       38%         1
 Shock                    Conj/Air       0%         1d3       38%         1
 Summon Small Mammal      Summ           0%         N/A       38%         1
 Searing Ray              Conj           0%         2d4       52%         2
 Static Discharge         Conj/Air       0%         3-3/arc   52%         2
 Call Canine Familiar     Summ           0%         N/A       77%         3
 Dazzling Flash           Conj/Hex       0%         N/A       77%         3
 Hailstorm                Conj/Ice       0%         3d5       77%         3
 Summon Ice Beast         Ice/Summ       0%         N/A       77%         3
 Swiftness                Air            0%         N/A       77%         3
 Vampiric Draining        Necr           0%         2d6       77%         3
 Volatile Blastmotes      Fire/Tloc      0%         2d10      77%         3
 Airstrike                Air            0%         2d(0-16)  99%         4
 Animate Dead             Necr           0%         N/A       99%         4
 Fulminant Prism          Conj/Alch      0%         3d5       99%         4
 Martyr's Knell           Necr/Summ      0%         N/A       99%         4
 Summon Blazeheart Golem  Fire/Summ      0%         N/A       99%         4
 Summon Lightning Spire   Summ/Air       0%         N/A       99%         4
 Borgnjor's Vile Clutch   Necr/Erth      0%         N/A       100%        5
 Curse of Agony           Necr           0%         N/A       100%        5
 Death Channel            Necr           0%         N/A       100%        6
 Sculpt Simulacrum        Ice/Alch       0%         N/A       100%        6
 Starburst                Conj/Fire      0%         6d3       100%        6
 Maxwell's Capacitive Co  Air            0%         ∞         100%        8


Dungeon Overview and Level Annotations

Branches:
Dungeon (13/15)            Temple (1/1) D:5            Lair (0/5) D:9
    Orc (0/2) D:11          Sewer (visited)
 Vaults: D:13-14

Altars:
Ashenzari
Cheibriados
Dithmenos
Fedhas
Gozag
Hepliaklqana
Kikubaaqudgha
Makhleb
Nemelex Xobeh
Okawaru
Qazlal
Ru
Sif Muna
Trog
Uskayaw
Vehumet
Wu Jian
Xom
Yredelemnul

Shops:
D:11 *   D:12 [


Innate Abilities, Weirdness & Mutations

You are completely covered in thin metallic scales. (AC +4, rElec)
A weak demonic guardian rushes to your aid.
When hurt, damage is shared between your health and your magic reserves.
You regenerate magic rapidly.
Your hexes are more powerful.
You have a small tail.
You have a somewhat thin skeletal structure. (Dex +2, Stealth+)
You passively map a small area around you.


Message History

As you read the scroll of teleportation, it crumbles to dust.
You feel strangely unstable.
You feel very sick. The meliai barely misses you. The meliai misses you.
The meliai mumbles some strange prayers to its god against you.
Something smites you!
* * * LOW HITPOINT WARNING * * *
A demonic guardian appears!
The meliai barely misses you. x2
The meliai closely misses you. The meliai barely misses you.
The meliai closely misses you.
The meliai hits your rust devil but does no damage.
The meliai misses you. The meliai barely misses you. The meliai misses you.
You feel better. The meliai hits you with a +0 hand axe.
* * * LOW HITPOINT WARNING * * *
The meliai closely misses you.
The meliai invokes the aid of its god against you.
Something smites you!
* * * LOW HITPOINT WARNING * * *
The meliai misses you.
The meliai barely misses your rust devil.
The meliai completely misses you. The meliai barely misses you.
The meliai closely misses you. The meliai hits you but does no damage.
The meliai misses you. The meliai barely misses you.
The meliai hits your rust devil with a +0 war axe.
The meliai barely misses you.
Your rust devil closely misses the meliai.
Okay, then.
You feel better. The meliai misses you. The meliai stings you.
* * * LOW HITPOINT WARNING * * *
You are poisoned.
The meliai poisons you!
The meliai invokes the aid of its god against you.
Something smites you!
* * * LOW HITPOINT WARNING * * *
The meliai closely misses you.
The meliai hits your rust devil but does no damage.
The meliai misses you.
The meliai invokes the aid of its god against you.
Something smites you!
You die...

..######..#############.#
, .................#
................#
#######.........# *
#.######### #.#
######.######## ,, ,
................* ,
........@y...... ,
........yy...... ,
#####.....4.....*
#........... *
**#...........* , ,,
,.......?.... * **
.!...........
*#####.........


You could see 3 meliai and a friendly rust devil (summoned).

Vanquished Creatures
  Kirke (D:12)
  3 two-headed ogres
  A tengu warrior (D:13)
  A death yak (D:8)
  The ghost of Azoth the Destroyer, a journeyman FeCj of Vehumet (D:10)
  Pikel (D:5)
  A deep elf pyromancer (D:12)
  An ugly thing (D:12)
  A cyclops (D:13)
  3 slime creatures (D:12)
  A centaur zombie (D:10)
  Maggie (D:6)
  2 cane toads
  3 unseen horrors
  2 kobold demonologists (D:9)
  An unseen horror skeleton (D:10)
  A troll (D:10)
  Prince Ribbit (D:7)
  Sigmund (D:4)
  4 shadows
  7 wraiths
  A hog (D:12)
  2 spectral black mambas (D:10)
  3 vampires (D:10)
  21 yaks
  5 centaur simulacra
  A warg (D:11)
  3 basilisks
  7 vampire mosquitoes (D:10)
  Menkaure (D:5)
  A steam dragon (D:9)
  A hell hound (D:10)
  An acid dragon (D:10)
  A water moccasin (D:9)
  2 sky beasts (D:7)
  4 orc warriors
  An ice beast (D:11)
  3 black mamba simulacra (D:10)
  2 ogres
  8 wolves
  A centaur (D:10)
  A phantom (D:7)
  A lemure (D:5)
  2 kobold brigands (D:9)
  9 weeping skulls (D:10)
  A brain worm (Sewer)
  4 bullfrogs
  3 scorpions
  5 killer bees (D:11)
  5 howler monkeys
  A bombardier beetle (D:5)
  A hound (D:4)
  2 orc priests
  3 jellies
  2 sleepcaps
  Natasha (D:3)
  2 iguanas
  11 orc wizards
  4 hell rats (D:10)
  A howler monkey zombie (D:10)
  4 gnolls (D:7)
  12 adders
  3 river rats
  7 white imps
  6 dart slugs
  2 ribbon worms (D:2)
  17 orcs
  12 ball pythons
  5 endoplasms
  3 giant cockroaches
  4 goblins
  7 hobgoblins
  A jackal (Sewer)
  10 kobolds
  10 quokkas
  15 bats
  5 frilled lizards
  12 rats
301 creatures vanquished.

Vanquished Creatures (collateral kills)
  A spectral black mamba (D:10)
  2 yaks (D:8)
  An orc warrior (D:11)
  2 weeping skulls (D:10)
  An orc priest (D:11)
  Natasha (D:3)
  An orc (D:11)
9 creatures vanquished.

Vanquished Creatures (others)
  An arcanist (D:3)
  A yak (D:11)
2 creatures vanquished.

Grand Total: 312 creatures vanquished

Notes
Turn   | Place    | Note
-------+----------+-------------------------------------------
     0 | D:1      | ezpacito the Demonspawn Berserker began the quest for the
                  | Orb.
     0 | D:1      | Reached XP level 1. HP: 18/18 MP: 1/1
   136 | D:1      | Gained mutation: You are partially covered in thin metallic
                  | scales. (AC +2) [demonic ancestry]
   136 | D:1      | Reached XP level 2. HP: 12/24 MP: 2/2
   640 | D:1      | Gained mutation: You regenerate magic rapidly. [demonic
                  | ancestry]
   640 | D:1      | Reached XP level 3. HP: 29/29 MP: 3/3
  1000 | D:2      | Reached ** piety under Trog
  1064 | D:2      | Found an ancient bone altar of Kikubaaqudgha.
  1258 | D:2      | Gained mutation: You are mostly covered in thin metallic
                  | scales. (AC +3) [demonic ancestry]
  1258 | D:2      | Reached XP level 4. HP: 35/35 MP: 4/4
  1478 | D:3      | Reached skill level 1 in Stealth
  1516 | D:3      | Found a glowing drain.
  1532 | Sewer    | Entered a sewer
  1572 | Sewer    | Reached skill level 1 in Unarmed Combat
  1620 | Sewer    | Gained mutation: You have a small tail. [demonic ancestry]
  1620 | Sewer    | Reached XP level 5. HP: 39/42 MP: 5/5
  1794 | Sewer    | Reached skill level 4 in Fighting
  1794 | Sewer    | Gained mutation: A weak demonic guardian rushes to your
                  | aid. [demonic ancestry]
  1794 | Sewer    | Reached XP level 6. HP: 48/48 MP: 4/6
  1957 | Sewer    | Reached *** piety under Trog
  2330 | D:3      | Noticed Natasha
  2341 | D:3      | Killed Natasha
  2423 | D:3      | Noticed Natasha
  2433 | D:3      | Killed Natasha
  2559 | D:3      | Found a bloodstained altar of Trog.
  2562 | D:3      | Noticed a wizard
  2568 | D:3      | Killed a wizard
  2927 | D:4      | Found an opulent altar of Gozag.
  3000 | D:4      | Noticed Sigmund
  3019 | D:4      | Killed Sigmund
  3020 | D:4      | Reached XP level 7. HP: 55/55 MP: 7/7
  3069 | D:4      | Found a stormy altar of Qazlal.
  3563 | D:4      | Identified the +6 whip "Foakhluyd" {chaos, Stlth+}
  3699 | D:5      | Entered Level 5 of the Dungeon
  3807 | D:5      | Noticed Pikel
  3825 | D:5      | Killed Pikel
  3826 | D:5      | Reached skill level 5 in Fighting
  3826 | D:5      | Reached XP level 8. HP: 24/62 MP: 8/8
  4179 | D:5      | Noticed Menkaure
  4187 | D:5      | Killed Menkaure
  4382 | D:5      | Found a staircase to the Ecumenical Temple.
  4827 | D:5      | Found an iron altar of Okawaru.
  4831 | D:5      | Reached skill level 5 in Axes
  4971 | Temple   | Entered the Ecumenical Temple
  5118 | D:6      | Identified the +1 robe of the Kodama {rF+ Str+2 Slay+2
                  | Archmagi}
  5334 | D:6      | Noticed Maggie
  5669 | D:6      | Identified the +1 dagger "Jalor" {speed, rCorr Dex+5
                  | Stlth+}
  5754 | D:6      | Killed Maggie
  5755 | D:6      | Reached skill level 1 in Evocations
  5755 | D:6      | Reached XP level 9. HP: 43/69 MP: 9/9
  6208 | D:7      | Reached skill level 6 in Fighting
  6211 | D:7      | Reached skill level 5 in Armour
  6211 | D:7      | Reached skill level 5 in Dodging
  6399 | D:7      | Reached **** piety under Trog
  6740 | D:7      | Noticed Prince Ribbit
  6758 | D:7      | Killed Prince Ribbit
  7158 | D:8      | a yak changed into an unseen horror
  7158 | D:8      | Noticed an unseen horror
  7169 | D:8      | Killed an unseen horror
  7176 | D:8      | Reached skill level 5 in Unarmed Combat
  7193 | D:8      | Gained mutation: You are completely covered in thin
                  | metallic scales. (AC +4, rElec) [demonic ancestry]
  7193 | D:8      | Reached XP level 10. HP: 32/77 MP: 10/10
  7570 | D:8      | Noticed a two-headed ogre
  7576 | D:8      | Killed a two-headed ogre
  7695 | D:9      | Noticed a death yak
  7715 | D:9      | Reached skill level 7 in Fighting
  7741 | D:8      | Killed a death yak
  7821 | D:9      | Noticed a cane toad
  7834 | D:9      | HP: 1/79 [cane toad (3)]
  8079 | D:8      | Killed a cane toad
  8197 | D:9      | Noticed a cane toad
  8201 | D:9      | Found a staircase to the Lair.
  8214 | D:9      | Killed a cane toad
  8352 | D:9      | Noticed a smoke demon
  9129 | D:10     | Entered Level 10 of the Dungeon
  9142 | D:10     | Gained mutation: When hurt, damage is shared between your
                  | health and your magic reserves. [demonic ancestry]
  9142 | D:10     | Reached XP level 11. HP: 85/85 MP: 11/11
  9378 | D:10     | Reached skill level 5 in Evocations
  9503 | D:10     | Reached skill level 8 in Fighting
  9757 | D:10     | Found a shimmering blue altar of Sif Muna.
  9766 | D:10     | Noticed Azoth's ghost (journeyman FeCj)
  9767 | D:10     | Found a runed translucent gate.
  9767 | D:10     | Found a runed translucent gate.
  9769 | D:10     | Found a runed translucent gate.
 10197 | D:10     | Reached skill level 5 in Stealth
 10627 | D:10     | Identified the +2 lajatang of Fiutt {vamp, rElec rPois rC+}
 10627 | D:10     | Identified the ring "Mygh" {rElec EV+5 Int+4 Dex-2}
 11011 | D:10     | Found an ancient bone altar of Kikubaaqudgha.
 11054 | D:10     | Identified the +1 great sword of Precise Incision {vamp,
                  | Int+3}
 11140 | D:10     | Killed Azoth's ghost
 11143 | D:10     | Gained mutation: Your hexes are more powerful. [demonic
                  | ancestry]
 11143 | D:10     | Reached XP level 12. HP: 93/93 MP: 9/12
 11200 | D:10     | Gained mutation: You have a somewhat thin skeletal
                  | structure. (Dex +2, Stealth+) [potion of mutation]
 11200 | D:10     | Gained mutation: You passively map a small area around you.
                  | [potion of mutation]
 11367 | D:11     | Noticed a two-headed ogre
 11384 | D:11     | Killed a two-headed ogre
 11385 | D:11     | Reached skill level 9 in Fighting
 11542 | D:11     | Found Foimomut's General Store.
 11547 | D:11     | Bought a lightning rod (4/4) for 400 gold pieces
 11547 | D:11     | Bought a scroll of butterflies for 40 gold pieces
 11547 | D:11     | Bought a potion of might for 40 gold pieces
 11748 | D:11     | Identified the +0 scale mail of Anaesthesia {Regen+ Int+3}
 11793 | D:11     | Noticed a two-headed ogre
 11803 | D:11     | Killed a two-headed ogre
 11915 | D:11     | Found a staircase to the Orcish Mines.
 12468 | D:12     | Found Xoxagetowi's Armour Boutique.
 12490 | D:12     | Bought a +0 pair of boots for 81 gold pieces
 12490 | D:12     | Bought a +0 pair of gloves for 81 gold pieces
 12490 | D:12     | Noticed Kirke
 12496 | D:12     | Noticed a sphinx
 12542 | D:12     | Noticed a sphinx
 12548 | D:12     | Killed Kirke
 12712 | D:12     | Found a hide-covered altar of Uskayaw.
 13350 | D:13     | Noticed a tengu warrior
 13369 | D:13     | Killed a tengu warrior
 13427 | D:13     | Found a shimmering blue altar of Sif Muna.
 13480 | D:13     | HP: 4/96 [meliai/divine providence (12)]
 13480 | D:13     | Killed from afar by a meliai

Illustrated notes

Levels and vault maps discovered:
D:1:      minmay_arrival_shoal_huts, layout_loops_cross,
          hangedman_decor_growths, kennysheep_flooded_box, minmay_tromino_v4_c
D:2:      layout_rooms, basic_altar, minmay_tall_x
D:3:      layout_rooms, trog_wizard, portal_sewer_entry_b,
          reono_crystal_passage, uniq_natasha
D:4:      layout_gridville, mainiacjoe_overflow_catwalk,
          nicolae_gozag_seed_capital, uniq_sigmund
D:5:      layout_cave_pods, hellmonk_okawaru_the_only_friend_you_need,
          minmay_temple_entry_purple_smoke, minivault_5, uniq_pikel,
          uniq_menkaure
D:6:      layout_gridville, serial_co_window_serial, co_window_corner_a,
          co_window_cross_1, co_window_corner_a, co_window_corner_a,
          co_window_paths_a, co_window_unsneaky_path_b, co_window_corner_cb,
          co_window_corner_cb, co_window_unsneaky_path_e, co_window_cross_4,
          glass_columns_b, glass_columns_a, glass_columns_c, uniq_maggie
D:7:      layout_loops_ring, serial_bayou, serial_bayou_shore_b,
          serial_bayou_pond_d, serial_bayou_pond_e, serial_bayou_pond_b,
          dreamdust_wishing_well, uniq_prince_ribbit1
D:8:      layout_basic
D:9:      layout_long_grid, dpeg_lair_monsters
D:10:     lemuel_vampire_tower, layout_basic,
          mainiacjoe_overflow_surrounded_room, gammafunk_ghost_split,
          st_stairs_14
D:11:     layout_basic, minmay_orc_entry_guard_dogs, serial_shops, shop,
          serial_ice, serial_ice_o, serial_ice_h, serial_ice_d, serial_ice_c,
          serial_ice_l, serial_ice_a, serial_ice_b, serial_ice_e
D:12:     layout_cave_pods, serial_shops, nicolae_shop_stone,
          nicolae_uskayaw_murder_on_the_dancefloor, uniq_kirke
D:13:     layout_long_grid, erik_vaults_1, led_sif_book, uniq_erolcha
Temple:   sentei_temple_godly_chess

Skill      XL: |  1  2  3  4  5  6  7  8  9 10 11 12 |
---------------+-------------------------------------+-----
Armour         | 2 3 4 5 6 7 8 |  8.5
Dodging        | 2 3 4 5 6 7 8 |  8.2
Axes           | 3 4 5 6 7 8 |  8.7
Stealth        | 1 2 3 4 5 |  5.8
Unarmed Combat | 1 2 3 4 5 6 7 |  7.8
Fighting       | 4 5 6 7 8 9 |  9.5
Evocations     | 1 3 4 6 7 |  7.4

Action                     |  1- 3 |  4- 6 |  7- 9 | 10-12 || total
---------------------------+-------+-------+-------+-------++-------
  Melee: Hand axe          |   115 |   185 |    31 |       ||   331
         Tailslap          |       |    16 |    55 |   166 ||   237
         Whip              |       |       |   217 |   810 ||  1027
         Unarmed           |       |       |       |     7 ||     7
 Invoke: Berserk           |       |     2 |     5 |    15 ||    22
         Trog's Hand       |       |       |     2 |     9 ||    11
  Evoke: Wand              |       |       |       |     1 ||     1
    Use: Scroll            |       |     8 |     6 |    14 ||    28
         Potion            |       |     2 |     1 |    16 ||    19
   Stab: Sleeping          |     1 |       |     1 |       ||     2
         Distracted        |       |       |     2 |     1 ||     3
         Confused          |       |       |     6 |     9 ||    15
         Paralysed         |       |       |     1 |     3 ||     4
         Petrifying        |       |       |     1 |       ||     1
         Petrified         |       |       |     1 |       ||     1
         Held in net/web   |       |       |       |     1 ||     1
 Armour: Animal skin       |     6 |       |       |       ||     6
         Ring mail         |    58 |   219 |    76 |       ||   353
         Robe              |       |       |     3 |       ||     3
         Swamp dragon scal |       |       |   109 |   541 ||   650
         Skin              |       |       |       |    55 ||    55
         Acid dragon scale |       |       |       |    63 ||    63
  Dodge: Dodged            |    76 |   180 |   160 |   955 ||  1371

Table legend: (Time is in decaauts)
 A = Elapsed time spent in this place.
 B = Non-inter-level travel time spent in this place.
 C = Inter-level travel time spent in this place.
 D = Time resting spent in this place.
 E = Time spent auto-exploring this place.
 F = Levels seen in this place.
 G = Mean time per level.
                   A        B        C        D        E       F      G
               +--------+--------+--------+--------+--------+-----+--------+
         Total |  13898 |  13214 |    684 |    696 |   9042 |  15 |  926.5 |
       Dungeon |  12872 |  12189 |    683 |    662 |   8537 |  13 |  990.2 |
        Temple |     41 |     41 |      0 |      0 |      0 |   1 |   41.0 |
         Sewer |    984 |    984 |      0 |     34 |    505 |   1 |  984.0 |
               +--------+--------+--------+--------+--------+-----+--------+

Top non-repeatable levels by time:
    D:10: 2201 daAuts
     D:5: 1328 daAuts
    D:11: 1152 daAuts
     D:9: 1111 daAuts
     D:6: 1092 daAuts
     D:7: 992 daAuts
   Sewer: 984 daAuts
    D:12: 940 daAuts
     D:8: 937 daAuts
     D:1: 889 daAuts
     D:4: 831 daAuts
     D:3: 704 daAuts
     D:2: 565 daAuts
    D:13: 125 daAuts
  Temple: 41 daAuts
